 Dungeon Crawl Stone Soup version 0.29.1-13-g9f3cf754e1 (webtiles) character file.

Game seed: 13726158508535268812

431067 harry2680 the Slayer (level 22, -6/224 HPs)
             Began as a Minotaur Berserker on Jan 20, 2023.
             Was a High Priest of Trog.
             Killed from afar by a spriggan air mage (8 damage)
             ... with a bolt of lightning
             ... on level 3 of the Depths on Jan 21, 2023.
             The game lasted 03:55:43 (57229 turns).

harry2680 the Slayer (Minotaur Berserker)          Turns: 57229, Time: 03:55:45

Health: -6/224     AC: 38    Str: 38    XL:     22   Next: 84%
Magic:  30/30      EV: 15    Int:  4    God:    Trog [*****.]
Gold:   4590       SH: 15    Dex: 10    Spells: 21/21 levels left

rFire   + + +      SeeInvis .   a - +9 demon whip (flame)
rCold   + + .      Faith    .   o - +3 buckler {rC+}
rNeg    . . .      Spirit   .   d - +9 plate armour "Xuq Casch" {rF+ MP+9}
rPois   +          Reflect  +   T - +2 hat
rElec   +          Harm     .   (no cloak)
rCorr   +          Rampage  .   H - +2 pair of gloves of Action {Slay+5}
Will    +++..                   j - +2 pair of boots of Pragmatism {Will+ Str+5}
Stlth   ..........              C - amulet "Foilatuf" {Reflect Fly rPois rF+ SH+5}
HPRegen 0.47/turn               K - ring "Leroemp" {+Blink Will+}
MPRegen 0.22/turn               f - ring of resist corrosion

@: resistant, flying, hasted, studying 2 skills, very quick
A: horns 2, retaliatory headbutt, mutation resistance 1, wild magic 1
}: 2/15 runes: decaying, gossamer
a: Renounce Religion, Evoke Blink, Berserk, Trog's Hand, Brothers in Arms


You were on level 3 of the Depths.
You worshipped Trog.
Trog was extremely pleased with you.
You visited 8 branches of the dungeon, and saw 40 of its levels.
You visited the Abyss 2 times.
You also visited: Sewer and Ice Cave.

You collected 6429 gold pieces.
You spent 1839 gold pieces at shops.

Inventory:

Hand Weapons
 a - a +9 demon whip of flaming (weapon)
Missiles
 p - 40 poisoned darts
 v - a silver javelin
 G - 5 boomerangs (quivered)
 Q - 9 javelins
Armour
 d - the +9 plate armour "Xuq Casch" (worn) {rF+ MP+9}
   (You found it on level 2 of the Vaults)

   rF:        It protects you from fire.
   MP:        It affects your magic capacity (+9).
 j - the +2 pair of boots of Pragmatism (worn) {Will+ Str+5}
   (You found it on level 2 of the Dungeon)

   Str:       It affects your strength (+5).
   Will:      It increases your willpower.
 o - a +3 buckler of cold resistance (worn)
 H - the +2 pair of gloves of Action (worn) {Slay+5}
   (You found it on level 9 of the Dungeon)

   Slay:      It affects your accuracy & damage with ranged weapons and melee
   (+5).
 T - a +2 hat (worn)
Jewellery
 f - a ring of resist corrosion (right hand)
 q - a ring of positive energy
 s - a ring of see invisible
 w - the ring of Absolutism {Fly Slay+3}
   (You took it off a gnoll on level 4 of the Dungeon)

   [ring of flight]

   Slay:      It affects your accuracy & damage with ranged weapons and melee
   (+3).
   Fly:       It grants you flight.
 y - a ring of willpower
 z - an amulet of the acrobat
 C - the amulet "Foilatuf" (around neck) {Reflect Fly rPois rF+ SH+5}
   (You took it off a deep elf knight on level 3 of the Elven Halls)

   [amulet of reflection]

   It reflects blocked missile attacks.
   rF:        It protects you from fire.
   rPois:     It protects you from poison.
   Fly:       It grants you flight.
   SH:        It affects your SH (+5).
 K - the ring "Leroemp" (left hand) {+Blink Will+}
   (You found it on level 4 of the Vaults)

   [ring of willpower]

   +Blink:    It lets you blink.
   Will:      It increases your willpower.
 O - the ring of the Castellan {rC+ SInv}
   (You found it on level 1 of the Depths)

   [ring of protection from cold]

   rC:        It protects you from cold.
   SInv:      It lets you see invisible.
 S - the amulet "Juluh" {rN+ Regen+ Stlth+}
   (You found it on level 3 of the Spider Nest)

   [amulet of regeneration]

   rN:        It protects you from negative energy.
   Regen:     It increases your rate of health regeneration.
   Stlth:     It makes you more stealthy.
Wands
 k - a wand of polymorph (19)
 l - a wand of quicksilver (9)
 m - a wand of digging (9)
 u - a wand of iceblast (14)
 M - a wand of charming (24)
 N - a wand of flame (86)
 V - a wand of mindburst (24)
Scrolls
 g - 16 scrolls of teleportation
 h - 10 scrolls of magic mapping
 r - 3 scrolls of silence
 F - 6 scrolls of fear
 L - 3 scrolls of brand weapon
 U - a scroll of enchant armour
 X - 10 scrolls of poison
Potions
 b - 4 potions of mutation
 c - 8 potions of haste
 e - 4 potions of invisibility
 i - 9 potions of might
 B - a potion of resistance
 D - 3 potions of magic
 E - 6 potions of curing
 R - 5 potions of berserk rage
 W - a potion of cancellation
 Y - 3 potions of ambrosia
Miscellaneous
 n - a tin of tremorstones (1/2)
 t - a box of beasts
 x - a phial of floods
 A - a condenser vane
 I - a lightning rod (4/4)
 J - a phantom mirror


   Skills:
 * Level 24.7 Fighting
 - Level 12.0 Maces & Flails
 - Level 16.0 Throwing
 + Level 21.2 Armour
 + Level 19.5 Dodging
 + Level 15.4 Shields
 + Level 15.6 Evocations


You had 21 spell levels left.
You didn't know any spells.
Your spell library was empty.

Dungeon Overview and Level Annotations

Branches:
Dungeon (15/15)            Temple (0/1) D:4            Lair (5/5) D:10
  Swamp (4/4) Lair:2       Spider (4/4) Lair:3        Slime (0/5) Lair:5
    Orc (2/2) D:11            Elf (3/3) Orc:2        Vaults (4/5) D:13
  Crypt (0/3) Vaults:2     Depths (3/4) D:15          Sewer (visited)
  IceCv (visited)

Altars:
Cheibriados
Elyvilon
Fedhas
Makhleb
Okawaru
Ru
Trog
Uskayaw
Vehumet
Wu Jian
Xom
Yredelemnul
Zin
The Shining One

Shops:
D:6 ?   D:13 (   D:15 *   Orc:2 (?[*   Elf:1 !   Elf:2 (=::   Elf:3 ((*=
Vaults:1 *   Vaults:3 :   Vaults:4 (

Portals:
Hell: Depths:1 Depths:2 Depths:3
Pandemonium: Depths:1 Depths:2
Ziggurat: Depths:1

Annotations:
Lair:1 2 transporters
Vaults:4 exclusion: orange crystal statue


Innate Abilities, Weirdness & Mutations

You have a pair of horns on your head.
You reflexively headbutt those who attack you in melee.
You are somewhat resistant to further mutation.
Your spells are a little harder to cast, but a little more powerful.


Message History

A frost giant comes into view.
It is wielding a +1 battleaxe of freezing.
A shadow dragon comes into view.
The spriggan air mage gestures at you while chanting.
The bolt of lightning hits you!
* * * LOW HITPOINT WARNING * * *
The bolt of lightning hits you!!
* * * LOW HITPOINT WARNING * * *
Okay, then.
You feel protected.
The spriggan air mage waves its arms in wide circles.
The air twists around and strikes you.
As you read the scroll of fear, it crumbles to dust.
You assume a fearsome visage.
The spriggan air mage resists with almost no effort. x2
The cyan very ugly thing looks frightened!
The frost giant resists with some effort.
The shadow dragon easily resists.
A rakshasa opens the gate.
The frost giant gestures at you while chanting.
The bolt of cold hits you! You resist.
* * * LOW HITPOINT WARNING * * *
The tengu reaver picks up some gold.
Found a quarterstaff.
A hell knight, a tengu reaver and a fire dragon come into view.
The hell knight is wielding a +1 glaive of draining.
The tengu reaver is wielding a +1 war axe and wearing a +1 buckler of cold resistance.
Okay, then.
Okay, then.
Blink to where?
Press: ? - help, Dir - move target
As you read the scroll of blinking, it crumbles to dust.
An iron troll comes into view.
The hell knight moves out of view.
The tengu reaver moves out of view.
The fire dragon moves out of view.
Okay, then.
You feel yourself speed up.
The spriggan air mage waves its arms in wide circles.
The air twists around and strikes you.
* * * LOW HITPOINT WARNING * * *
The spriggan air mage points at you and mumbles some strange words.
The bolt of lightning hits you! You resist.
You die...

##..#.............####...≈i≈
#.................#.##.;≈≈#
#...............##..#.u.≈# )Q
................#...#..≈≈#D..
#...................##.⌠##...
####..................#..##R...
..........................'....
.....................i....'....
......∩.........@....i....'.p..
............[.........#§.##
.<†.........).........##.⌠#
..[......)......##....#..○≈#
................###...#...○#
............^....#....##..≈○#
.....................###...DC≈
...))[........T####..# ##......
...))...........# ##.....


You could see an iron troll and 2 spriggan air magi.

Vanquished Creatures
  An ancient lich (Abyss:4)
  Mara (Swamp:3)
  The ghost of rgbqcd the Executioner, a veteran MiBe of Trog (Vaults:4)
  2 bone dragons
  4 tentacled monstrosities
  The ghost of Qeprudwo the Severer, an adept HOMo of Beogh (Depths:2)
  Asterion (Elf:1)
  2 deep elf blademasters (Elf:3)
  2 deep elf master archers (Elf:3)
  A kraken (Abyss:3)
  A tentacled starspawn (Abyss:4)
  A thorn hunter (Swamp:4)
  A sphinx (Depths:3)
  2 tengu reavers
  Donald (Orc:2)
  A storm dragon (Depths:2)
  Kirke (D:14)
  7 emperor scorpions
  The ghost of Eliqiker the Severer, a journeyman MiFi of Okawaru (Swamp:2)
  3 deep elf sorcerers
  6 fenstrider witches
  A fire giant (Vaults:1)
  3 frost giants
  An iron dragon (Depths:2)
  Aizul (Spider:4)
  7 vault wardens
  3 deep elf elementalists (Elf:3)
  An orc warlord (Vaults:1)
  7 ghost moths
  A caustic shrike zombie (Abyss:4)
  Louise (Swamp:1)
  19 ironbound preservers
  A ghoul (Swamp:4)
  10 very ugly things
  6 stone giants
  A spriggan defender (Depths:2)
  6 broodmothers
  9 ironbound thunderhulks
  4 deep elf demonologists (Elf:3)
  2 vampire knights (Depths:1)
  Nessos (D:12)
  5 deep elf annihilators
  A lorocyproca (Abyss:4)
  6 spark wasps
  9 eleionomae
  19 dire elephants
  A spark wasp (shapeshifter) (Vaults:3)
  3 bunyips
  Snorg (Orc:1)
  8 deep elf death magi
  2 green deaths (Swamp:4)
  A blizzard demon (Elf:2)
  5 jiangshi (Depths:2)
  6 ettins
  A deep elf high priest (Elf:3)
  6 fire dragons
  A shambling mangrove (Swamp:2)
  6 yaktaur captains
  5 great orbs of eyes
  3 ice dragons
  17 hydras
  11 vault guards
  4 rakshasas
  4 boulder beetles
  5 spriggan air magi
  2 radroaches
  8 ironbound frosthearts
  2 ogre magi
  An anaconda (Lair:5)
  7 centaur warriors
  2 jorogumos
  2 two-headed ogres
  2 catoblepae
  6 alligators
  19 dancing weapons
  5 ghost crabs
  8 deep troll shamans
  A tengu warrior (D:15)
  2 vampire magi
  5 spriggan berserkers
  10 death yaks
  7 deep troll earth magi
  3 thrashing horrors (Abyss:4)
  4 orc high priests
  2 sun demons
  A soul eater (Swamp:4)
  18 deep elf knights
  6 pharaoh ants
  6 hell knights (Depths:2)
  2 goliath frogs
  10 iron trolls
  3 sixfirhies (Swamp:4)
  6 steelbarb worms
  7 skeletal warriors
  Lodul (D:10)
  A flayed ghost (Depths:2)
  8 swamp dragons
  6 spriggan druids
  3 sun moths
  7 deep elf archers
  A deep troll (shapeshifter) (Vaults:3)
  94 deep trolls
  A glowing orange brain (Vaults:3)
  10 orb spiders
  3 bog bodies
  A shadow demon (Depths:2)
  10 ironbound convokers
  A lindwurm (Vaults:3)
  6 orc knights
  Pikel (D:6)
  4 large abominations
  6 phantasmal warriors
  5 harpies (Vaults:2)
  8 wizards
  26 deep elf zephyrmancers
  5 necromancers
  30 deep elf pyromancers
  27 wolf spiders
  3 orc sorcerers
  5 cyclopes
  3 will-o-the-wisps (Swamp:2)
  5 oklob plants
  7 moths of wrath
  A salamander (Depths:2)
  3 manticores
  A salamander (shapeshifter) (Vaults:1)
  42 ugly things
  2 smoke demons
  2 black mambas
  2 black mambas (shapeshifter)
  19 vault sentinels
  An ice statue (IceCv)
  4 torpor snails
  4 orange demons
  14 cane toads
  10 demonic crawlers
  A hellion (Depths:1)
  A freezing wraith (D:14)
  2 anaconda simulacra (IceCv)
  2 efreet
  4 starcursed masses (Abyss:4)
  3 ice devils
  7 komodo dragons
  24 yaktaurs
  3 rime drakes
  A tormentor (Abyss:4)
  A silent spectre (Abyss:4)
  5 tengu conjurers
  A queen bee (shapeshifter) (D:12)
  5 trolls
  A hellwing (Swamp:4)
  2 ancient zymes (Abyss:4)
  5 meliai
  9 tyrant leeches
  A wolf spider simulacrum (D:15)
  4 polar bears
  27 tarantellas
  A tarantella (shapeshifter) (D:15)
  12 hornets
  3 raiju
  22 blink frogs
  Prince Ribbit (D:6)
  6 dream sheep (Lair:4)
  A raiju (shapeshifter) (Depths:2)
  34 slime creatures
  25 jumping spiders
  17 spriggans
  4 air elementals
  3 small abominations
  A yak (shapeshifter) (D:15)
  A ynoxinul (Abyss:4)
  25 culicivoras
  A dire elephant simulacrum (IceCv)
  3 water elementals
  3 shadows
  29 yaks
  11 wyverns
  A wraith (Abyss:3)
  3 steam dragons
  A golden eye (shapeshifter) (D:15)
  3 basilisks (Lair:5)
  5 chaos spawn
  6 fire elementals
  6 hogs (D:14)
  27 redbacks
  A golden eye (Abyss:4)
  6 vampire mosquitoes
  4 death yak simulacra (IceCv)
  Menkaure (D:5)
  2 wargs
  10 swamp worms
  4 acid dragons
  16 water moccasins
  A hydra simulacrum (IceCv)
  A floating eye (shapeshifter) (Vaults:2)
  20 orc warriors
  4 swamp drakes
  3 sky beasts
  4 black bears (Lair:5)
  2 ice beasts
  20 ogres
  15 wolves
  2 boggarts (Lair:5)
  14 centaurs
  2 phantoms (D:5)
  3 elf zombies (Elf:1)
  9 bullfrogs
  Blork the orc (D:5)
  A gnoll sergeant (D:9)
  2 scorpions (Lair:5)
  4 two-headed ogre simulacra (IceCv)
  A necrophage (D:6)
  2 cane toad simulacra (IceCv)
  4 earth elementals
  3 elephant simulacra (IceCv)
  3 electric eels
  A howler monkey (D:5)
  A jelly (D:5)
  Crazy Yiuf (D:7)
  13 orc priests
  3 iron imps (D:3)
  5 iguanas
  A gnoll bouda (D:5)
  22 orc wizards
  A polar bear simulacrum (IceCv)
  3 troll simulacra (IceCv)
  4 spriggan simulacra (IceCv)
  2 wolf simulacra (IceCv)
  24 gnolls
  17 adders
  9 naga simulacra (IceCv)
  8 river rats
  5 white imps (IceCv)
  8 ufetubi
  A worm (D:2)
  6 dart slugs
  66 orcs
  5 endoplasms
  4 giant cockroaches
  8 hobgoblins
  4 jackals (D:1)
  4 quokkas
  15 ball pythons
  2 bats (D:1)
  7 frilled lizards
  8 goblins
  8 kobolds
  46 rats
  A plant (Depths:2)
1648 creatures vanquished.

Vanquished Creatures (collateral kills)
  The ghost of Nornya the Convoker, a veteran MfSu of Ashenzari (Vaults:4)
  A deep elf blademaster (Elf:2)
  A sphinx (Vaults:1)
  An emperor scorpion (Spider:1)
  A fire giant (Vaults:2)
  A frost giant (Vaults:3)
  A very ugly thing (Vaults:2)
  An entropy weaver (Vaults:3)
  An ettin (Depths:2)
  A deep elf high priest (Elf:3)
  A great orb of eyes (Vaults:2)
  A rakshasa (Abyss:4)
  A hydra (Swamp:3)
  2 vault guards (Vaults:3)
  A jorogumo (Spider:4)
  3 centaur warriors (D:14)
  A dancing weapon (Elf:2)
  A two-headed ogre (Orc:1)
  2 orc high priests
  2 alligators
  A deep elf knight (Elf:2)
  A pharaoh ant (Spider:4)
  A spatial maelstrom (Abyss:4)
  An orb spider (Spider:4)
  A steelbarb worm (Spider:4)
  A swamp dragon (Swamp:3)
  A spriggan druid (Swamp:4)
  2 deep elf archers (Elf:2)
  A phantasmal warrior (Vaults:1)
  2 deep elf pyromancers
  An ironbound convoker (Vaults:2)
  A harpy (Vaults:1)
  An orc knight (Orc:2)
  A wolf spider (Spider:4)
  2 wizards
  6 orc sorcerers
  7 ugly things
  A vault sentinel (Vaults:2)
  An orange demon (Swamp:4)
  A cane toad (Lair:5)
  2 demonic crawlers (Spider:4)
  2 freezing wraiths
  A komodo dragon (Lair:5)
  4 polar bears (Lair:5)
  A meliai (Spider:3)
  A tarantella (Spider:1)
  3 slime creatures
  2 dream sheep (Lair:5)
  2 spriggans (Lair:5)
  A redback (Spider:4)
  A steam dragon (Lair:5)
  A swamp worm (Swamp:4)
  A large abomination (Abyss:4)
  2 orc warriors
  A black bear (Lair:5)
  13 wolves (Lair:5)
  4 centaurs (D:14)
  3 boggarts (Lair:5)
  3 orc priests
  4 orc wizards
  6 orcs
117 creatures vanquished.

Vanquished Creatures (others)
  A deep elf knight (Elf:1)
  A deep elf archer (Elf:3)
  A bog body (IceCv)
  A wizard (D:15)
  An ugly thing (Depths:1)
  A raiju (Abyss:3)
  An ufetubus (Abyss:4)
  An orc (Orc:1)
  6 foxfires (Swamp:2)
  22 fungi
  A lurking horror (Abyss:3)
  20 plants
  4 starspawn tentacles (Abyss:4)
  4 tentacles (Abyss:3)
  6 withered plants (Vaults:4)
71 creatures vanquished.

Grand Total: 1836 creatures vanquished

Notes
Turn   | Place    | Note
-------+----------+-------------------------------------------
     0 | D:1      | harry2680 the Minotaur Berserker began the quest for the
                  | Orb.
     0 | D:1      | Reached XP level 1. HP: 19/19 MP: 0/0
   118 | D:1      | Reached XP level 2. HP: 12/27 MP: 1/1
   396 | D:1      | Reached skill level 4 in Fighting
   555 | D:1      | Reached XP level 3. HP: 33/33 MP: 2/2
   580 | D:1      | Found a faded altar of an unknown god.
  1135 | D:2      | Identified the +3 ring mail of the Midnight Sun {rC+}
  1431 | D:2      | Identified the +0 leather armour "Qaxkueh" {Harm rF+ Int-3}
  1478 | D:2      | Reached XP level 4. HP: 35/40 MP: 3/3
  1673 | D:2      | Identified the +2 pair of boots of Pragmatism {Will+ Str+5}
  1691 | D:2      | Reached ** piety under Trog
  1762 | D:2      | Reached skill level 1 in Throwing
  2406 | D:2      | Reached XP level 5. HP: 32/47 MP: 4/4
  2717 | D:3      | Found a burning altar of Makhleb.
  2844 | D:3      | Reached XP level 6. HP: 55/55 MP: 5/5
  3017 | D:3      | Reached skill level 5 in Maces & Flails
  3066 | D:3      | Reached skill level 5 in Fighting
  3618 | D:4      | Found a hide-covered altar of Uskayaw.
  3630 | D:4      | Found a white marble altar of Elyvilon.
  3980 | D:4      | Identified the ring of Absolutism {Fly Slay+3}
  3996 | D:4      | Reached *** piety under Trog
  4333 | D:4      | Found a staircase to the Ecumenical Temple.
  4595 | D:4      | Found a snail-covered altar of Cheibriados.
  4604 | D:4      | Found a sacrificial altar of Ru.
  4647 | D:5      | Entered Level 5 of the Dungeon
  4659 | D:5      | Reached XP level 7. HP: 61/61 MP: 6/6
  4659 | D:5      | Noticed Blork the orc
  4692 | D:5      | Killed Blork the orc
  4693 | D:5      | Reached skill level 5 in Armour
  4822 | D:5      | Reached skill level 6 in Fighting
  4831 | D:5      | Reached **** piety under Trog
  4873 | D:5      | Reached skill level 5 in Dodging
  4873 | D:5      | Reached XP level 8. HP: 50/70 MP: 7/7
  5178 | D:5      | Noticed Menkaure
  5181 | D:5      | Killed Menkaure
  5456 | D:6      | Found a glowing drain.
  5465 | Sewer    | Entered a sewer
  5630 | Sewer    | Reached ***** piety under Trog
  5893 | D:6      | Noticed a hornet
  5899 | D:5      | Reached skill level 7 in Fighting
  5923 | D:5      | Killed a hornet
  6050 | D:6      | Noticed Pikel
  6054 | D:6      | Killed Pikel
  6055 | D:6      | Reached skill level 5 in Throwing
  6055 | D:6      | Reached XP level 9. HP: 79/79 MP: 8/8
  6124 | D:6      | Found an ornate altar of the Wu Jian Council.
  6127 | D:6      | Found Goagugge's Magic Scroll Emporium.
  6179 | D:6      | Identified the +8 hand axe of Attainder {spect, rElec}
  6269 | D:6      | Noticed Prince Ribbit
  6284 | D:6      | Killed Prince Ribbit
  6635 | D:7      | Reached skill level 8 in Fighting
  7013 | D:7      | Found a radiant altar of Vehumet.
  7169 | D:7      | Found a runed translucent door.
  7170 | D:7      | Noticed Crazy Yiuf
  7176 | D:7      | Killed Crazy Yiuf
  7695 | D:8      | Reached XP level 10. HP: 90/90 MP: 9/9
  7815 | D:8      | Found a blossoming altar of Fedhas.
  7976 | D:8      | Found a glowing golden altar of the Shining One.
  7976 | D:8      | Found an iron altar of Okawaru.
  8001 | D:9      | Found a shimmering altar of Xom.
  8043 | D:9      | Found a basalt altar of Yredelemnul.
  8055 | D:9      | Received a gift from Trog
  8175 | D:9      | Identified the +2 pair of gloves of Action {Slay+5}
  8230 | D:9      | Identified the +3 leather armour of Tempters {rCorr Stlth+}
  8739 | D:10     | Entered Level 10 of the Dungeon
  8849 | D:9      | Reached skill level 9 in Fighting
  9022 | D:10     | Noticed an oklob plant
  9198 | D:10     | Noticed Lodul
  9221 | D:10     | Reached skill level 1 in Evocations
  9224 | D:10     | Killed Lodul
  9453 | D:10     | Found a staircase to the Lair.
  9731 | D:11     | Noticed a skeletal warrior
  9751 | D:11     | Reached XP level 11. HP: 74/99 MP: 10/10
  9757 | D:11     | Killed a skeletal warrior
  9763 | D:11     | Reached skill level 10 in Fighting
  9811 | D:11     | Noticed a skeletal warrior
  9813 | D:11     | Noticed a skeletal warrior
  9820 | D:11     | Killed a skeletal warrior
  9829 | D:11     | Killed a skeletal warrior
  9830 | D:11     | Reached skill level 10 in Maces & Flails
 10009 | D:11     | Found a staircase to the Orcish Mines.
 10089 | D:11     | Noticed a two-headed ogre
 10092 | D:11     | Killed a two-headed ogre
 10420 | D:11     | Identified the +0 scale mail of Dice, Bag, and Bottle
                  | {Will- Dex+5}
 10494 | D:12     | You are sucked into a shaft and drop 3 floors!
 10494 | D:15     | Entered Level 15 of the Dungeon
 10526 | D:14     | Noticed a centaur warrior
 10540 | D:14     | Killed a centaur warrior
 10541 | D:14     | Reached skill level 10 in Armour
 10541 | D:14     | Noticed a deep elf pyromancer
 10543 | D:14     | Killed a deep elf pyromancer
 10548 | D:14     | Noticed a green ugly thing
 10549 | D:14     | Noticed a green ugly thing
 10549 | D:14     | Noticed a green ugly thing
 10550 | D:14     | Noticed a green ugly thing
 10551 | D:14     | Noticed a green ugly thing
 10552 | D:14     | Noticed a green ugly thing
 10554 | D:14     | Noticed a centaur warrior
 10559 | D:14     | Killed a green ugly thing
 10562 | D:14     | Killed a brown ugly thing
 10569 | D:14     | Killed a white ugly thing
 10570 | D:14     | Killed a centaur warrior
 10586 | D:14     | Killed a green ugly thing
 10597 | D:14     | Killed a green ugly thing
 10600 | D:14     | Killed a green ugly thing
 10601 | D:14     | Reached skill level 11 in Fighting
 10601 | D:14     | Reached XP level 12. HP: 24/110 MP: 11/11
 10733 | D:14     | Noticed a boulder beetle
 10747 | D:14     | Killed a boulder beetle
 11198 | D:14     | Noticed a centaur warrior
 11204 | D:14     | Killed a centaur warrior
 11205 | D:14     | Reached skill level 5 in Evocations
 11212 | D:14     | Noticed a six-headed hydra
 11219 | D:14     | Killed a six-headed hydra
 11356 | D:14     | Reached skill level 10 in Dodging
 11407 | D:14     | Noticed Kirke
 11427 | D:14     | Killed Kirke
 11537 | D:14     | Noticed a centaur warrior
 11551 | D:14     | Killed a centaur warrior
 11896 | D:14     | Reached skill level 12 in Fighting
 11919 | D:13     | Found Gonos's Antique Weapon Shoppe.
 11988 | D:13     | Noticed a vault guard
 11988 | D:13     | Noticed a vault guard
 11988 | D:13     | Noticed a vault guard
 12057 | D:12     | Noticed Nessos
 12064 | D:12     | Killed Nessos
 12428 | D:12     | Found a blossoming altar of Fedhas.
 12558 | D:12     | Reached XP level 13. HP: 113/118 MP: 12/12
 13326 | Lair:1   | Entered Level 1 of the Lair of Beasts
 13960 | Lair:1   | Found a transporter.
 14236 | Lair:1   | Found a transporter.
 14739 | Lair:2   | Reached skill level 10 in Throwing
 15270 | Lair:2   | Found a staircase to the Swamp.
 15356 | Lair:2   | Identified the +7 rapier "Gocikoum" {elec, rN+ rCorr Int-2}
 15918 | Lair:3   | Reached skill level 13 in Fighting
 16126 | Lair:3   | Found a hole to the Spider Nest.
 17201 | Lair:4   | Reached XP level 14. HP: 129/129 MP: 13/13
 17923 | Lair:5   | Entered Level 5 of the Lair of Beasts
 18234 | Lair:5   | Received a gift from Trog
 18258 | Lair:5   | Reached skill level 14 in Fighting
 19580 | Lair:5   | Found a staircase to the Slime Pits.
 20134 | D:13     | Reached XP level 15. HP: 139/139 MP: 14/14
 20138 | D:13     | Found a gate to the Vaults.
 20851 | D:13     | Received a gift from Trog
 21302 | D:15     | Reached skill level 15 in Fighting
 21330 | D:15     | Found a staircase to the Depths.
 21387 | D:15     | Found Feykix's Changing Room.
 21982 | D:15     | Reached skill level 15 in Armour
 22695 | D:15     | Found the +3 greatsling "Punk" {acid, rCorr}
 22886 | Swamp:1  | Entered Level 1 of the Swamp
 23000 | D:6      | Bought a scroll of fear for 56 gold pieces
 23000 | D:6      | Bought a scroll of identify for 28 gold pieces
 23000 | D:6      | Bought a scroll of identify for 28 gold pieces
 23000 | D:6      | Bought a scroll of identify for 28 gold pieces
 23000 | D:6      | Bought a scroll of identify for 28 gold pieces
 23002 | D:6      | Identified a scroll of acquirement
 23004 | D:6      | Acquired a manual of Maces & Flails
 23467 | Swamp:1  | Noticed Louise
 23476 | Swamp:1  | Reached skill level 10 in Evocations
 23482 | Swamp:1  | Killed Louise
 23688 | Swamp:1  | Identified the +8 chain mail of Yboisucs {rPois Dex+2}
 24477 | Orc:1    | Entered Level 1 of the Orcish Mines
 24477 | Orc:1    | Found a frozen archway.
 24568 | Orc:1    | Reached XP level 16. HP: 57/150 MP: 15/15
 24575 | IceCv    | Entered an ice cave
 25990 | Orc:1    | Noticed Snorg
 25993 | Orc:1    | Reached skill level 1 in Shields
 25999 | Orc:1    | Killed Snorg
 26556 | Swamp:2  | Reached skill level 16 in Fighting
 27320 | Swamp:2  | Found a glowing silver altar of Zin.
 27360 | Swamp:2  | Identified the +9 great mace of Zuyluw {vorpal, rC- Str+5
                  | Dex+4} (Trog gifted it to you on level 2 of the Swamp)
 27360 | Swamp:2  | Received a gift from Trog
 27406 | Swamp:2  | Identified the +3 ring mail of Curiosity {rN+}
 27456 | Swamp:2  | Found a large runed translucent door.
 27456 | Swamp:2  | Found a large runed translucent door.
 27456 | Swamp:2  | Noticed Eliqiker's ghost (journeyman MiFi)
 27703 | Swamp:2  | Killed Eliqiker's ghost
 27711 | Swamp:2  | Identified the amulet of Ozaotyi {Regen+ MP-9 Int+3 Stlth+}
 27981 | Swamp:3  | Noticed Mara
 27999 | Swamp:3  | Noticed harry2680's illusion
 28003 | Swamp:3  | Killed Mara
 28220 | Swamp:3  | Noticed a tentacled monstrosity
 28228 | Swamp:3  | Killed a tentacled monstrosity
 28516 | Swamp:4  | Entered Level 4 of the Swamp
 28821 | Swamp:4  | Reached skill level 5 in Shields
 28851 | Swamp:4  | Reached skill level 15 in Dodging
 28892 | Swamp:4  | Reached XP level 17. HP: 67/160 MP: 16/16
 29300 | Swamp:4  | Got a decaying rune of Zot
 29646 | Swamp:4  | Reached skill level 17 in Fighting
 30005 | Spider:1 | Entered Level 1 of the Spider Nest
 30028 | Spider:1 | Received a gift from Trog
 32400 | Spider:3 | Identified the amulet "Juluh" {rN+ Regen+ Stlth+}
 32975 | Spider:3 | Reached XP level 18. HP: 171/171 MP: 17/17
 33474 | Spider:4 | Entered Level 4 of the Spider Nest
 33618 | Spider:4 | Reached skill level 18 in Fighting
 33893 | Spider:4 | Received a gift from Trog
 34573 | Spider:4 | Noticed Aizul
 34588 | Spider:4 | Killed Aizul
 35781 | Spider:4 | Identified the +5 war axe of Gomom {vorpal, Drain rPois
                  | rF++ rCorr}
 36010 | Spider:4 | Got a gossamer rune of Zot
 36493 | Vaults:1 | Entered Level 1 of the Vaults
 36979 | Vaults:1 | Reached skill level 15 in Throwing
 37050 | Vaults:1 | Reached skill level 19 in Fighting
 37881 | Vaults:1 | Found Wib Ciso's General Store.
 37901 | Vaults:1 | Bought a scroll of enchant weapon for 135 gold pieces
 38038 | Vaults:1 | Found a transporter.
 38038 | Vaults:1 | Found a transporter.
 38255 | Vaults:1 | Reached XP level 19. HP: 172/183 MP: 18/18
 38290 | Vaults:1 | Acquired 1253 gold pieces
 38330 | Vaults:1 | Identified the +1 cloak of the Hall of Blades {rPois rF+
                  | Int-5 Dex+4}
 38425 | Vaults:2 | Reached skill level 10 in Shields
 38490 | Vaults:2 | Identified the +9 plate armour "Xuq Casch" {rF+ MP+9}
 38697 | Vaults:2 | Reached ****** piety under Trog
 38877 | Vaults:2 | Received a gift from Trog
 38966 | Vaults:2 | Reached skill level 20 in Fighting
 39713 | Vaults:2 | Noticed a bone dragon
 39725 | Vaults:2 | Killed a bone dragon
 39752 | Vaults:2 | Found a staircase to the Crypt.
 40314 | Vaults:3 | Received a gift from Trog
 41019 | Vaults:3 | Found Yppomep's Book Shoppe.
 41158 | Vaults:3 | Reached XP level 20. HP: 179/195 MP: 19/19
 41313 | Vaults:3 | Received a gift from Trog
 42905 | Vaults:4 | Reached skill level 21 in Fighting
 42971 | Vaults:4 | Found Hyilar's Antique Weapon Shoppe.
 43904 | Vaults:4 | Found a runed translucent gate.
 43906 | Vaults:4 | Found a runed translucent gate.
 43907 | Vaults:4 | Found a runed translucent gate.
 43908 | Vaults:4 | Noticed Nornya's ghost (veteran MfSu)
 43908 | Vaults:4 | Noticed rgbqcd's ghost (veteran MiBe)
 44629 | Vaults:4 | Killed Nornya's ghost
 44646 | Vaults:4 | Killed rgbqcd's ghost
 44653 | Vaults:4 | Identified the ring "Leroemp" {+Blink Will+}
 45087 | Orc:2    | Entered Level 2 of the Orcish Mines
 45087 | Orc:2    | Noticed Donald
 45101 | Orc:2    | Killed Donald
 45292 | Orc:2    | Found a staircase to the Elven Halls.
 45293 | Orc:2    | Found a gate leading to a gauntlet.
 45306 | Orc:2    | Found Pitwuloxi's Assorted Antiques.
 45348 | Orc:2    | Received a gift from Trog
 45372 | Orc:2    | Found Ytti's Armour Emporium.
 45382 | Orc:2    | Bought a scroll of fear for 128 gold pieces
 45382 | Orc:2    | Bought a scroll of enchant armour for 240 gold pieces
 45382 | Orc:2    | Bought a scroll of blinking for 240 gold pieces
 45386 | Orc:2    | Found Miylips's Magic Scroll Emporium.
 45388 | Orc:2    | Found Gip Olu's Weapon Shop.
 45402 | Orc:2    | Bought a scroll of fear for 44 gold pieces
 45402 | Orc:2    | Bought a scroll of teleportation for 33 gold pieces
 45402 | Orc:2    | Bought a scroll of teleportation for 33 gold pieces
 45613 | Elf:1    | Entered Level 1 of the Elven Halls
 45670 | Elf:1    | Paralysed by an air elemental for 1 turns
 45714 | Elf:1    | Found a crumbling gateway.
 45961 | Elf:1    | Found Asseif's Distillery.
 45966 | Elf:1    | Bought 2 potions of haste for 340 gold pieces
 45966 | Elf:1    | Bought a potion of curing for 51 gold pieces
 46049 | Elf:1    | Noticed Asterion
 46054 | Elf:1    | Gained mutation: Your body sometimes deteriorates upon
                  | taking damage. [a cacodemon]
 46059 | Elf:1    | Killed Asterion
 46060 | Elf:1    | Reached skill level 22 in Fighting
 46404 | Elf:1    | Reached XP level 21. HP: 157/197 MP: 20/20
 46674 | Abyss:3  | Found a corrupted altar of Lugonu.
 46674 | Abyss:3  | Cast into level 3 of the Abyss (+5 long sword of
                  | distortion)
 46714 | Elf:1    | Escaped the Abyss
 46721 | Elf:1    | Received a gift from Trog
 47324 | Elf:2    | Found Ilomue's Weapon Shop.
 47358 | Elf:2    | Found a runed translucent gate.
 47358 | Elf:2    | Found a runed translucent gate.
 47358 | Elf:2    | Found a runed translucent gate.
 47703 | Elf:2    | Found Qyhuufent's Book Shoppe.
 47707 | Elf:2    | Found Eluqav's Book Shoppe.
 47709 | Elf:2    | Found Alyecwuy's Jewellery Boutique.
 48076 | Abyss:3  | Cast into level 3 of the Abyss (+6 dire flail of
                  | distortion)
 48195 | Abyss:3  | Noticed a profane servitor
 48377 | Abyss:3  | Noticed an ancient lich
 48390 | Abyss:4  | Killed an ancient lich
 48559 | Abyss:4  | Received a gift from Trog
 48674 | Elf:2    | Escaped the Abyss
 48697 | Elf:2    | HP: 4/210 [+3 executioner's axe of venom (21)]
 49426 | Lair:3   | Lost mutation: Your body sometimes deteriorates upon taking
                  | damage. [potion of mutation]
 49426 | Lair:3   | Gained mutation: Your body sometimes deteriorates upon
                  | taking damage. [potion of mutation]
 49427 | Lair:3   | Lost mutation: Your body sometimes deteriorates upon taking
                  | damage. [potion of mutation]
 49427 | Lair:3   | Gained mutation: You have hidden genetic defects. [potion
                  | of mutation]
 49664 | Elf:1    | Bought a potion of mutation for 136 gold pieces
 49884 | D:15     | Bought a potion of mutation for 104 gold pieces
 50090 | Vaults:4 | Lost mutation: You have hidden genetic defects. [potion of
                  | mutation]
 50090 | Vaults:4 | Gained mutation: You are somewhat resistant to further
                  | mutation. [potion of mutation]
 50090 | Vaults:4 | Gained mutation: Your spells are a little harder to cast,
                  | but a little more powerful. [potion of mutation]
 50355 | Elf:3    | Entered Level 3 of the Elven Halls
 50378 | Elf:3    | Paralysed by an air elemental for 1 turns
 50593 | Elf:3    | Reached skill level 23 in Fighting
 50763 | Elf:3    | Found Fuqumal's General Store.
 50784 | Elf:3    | Bought a scroll of blinking for 112 gold pieces
 50784 | Elf:3    | Bought a potion of heal wounds for 75 gold pieces
 50785 | Elf:3    | Identified the +11 shortbow "Impbane" {venom, Contam rN++
                  | Dex+6}
 50893 | Elf:3    | Found Hypymp's Antique Weapon Shoppe.
 51015 | Elf:3    | Found Biskacat's Weapon Emporium.
 51139 | Elf:3    | Found Atwiklui's Jewellery Shop.
 51181 | Elf:3    | Identified the +11 great sword "Arimueh" {venom, rElec}
 51181 | Elf:3    | Identified the amulet "Foilatuf" {Reflect Fly rPois rF+
                  | SH+5}
 51330 | Elf:3    | HP: 8/198 [deep elf death mage/bolt of negative energy
                  | (45)]
 51811 | Elf:3    | Identified the +9 falchion of the Thieving Scorpion
                  | {vorpal, rC+ Will+}
 51814 | Elf:3    | Identified the ring of Patience {Wiz rElec Will+}
 51853 | Elf:3    | Identified the +10 morningstar of Zefreyd {vamp, *Slow
                  | Str+4 Int+2 Stlth+}
 52089 | Elf:3    | Found the +14 obsidian axe {vorpal, Mesm Drain Fly SInv}
 52106 | Elf:3    | Identified the +5 scale mail of Servitude {Str+3}
 52116 | Elf:3    | Identified the +1 plate armour of Irghayvy {rCorr}
 52125 | Elf:3    | Identified the +3 war axe of the Dove {spect, rElec Str+3}
 52140 | Elf:3    | Identified the ring "Fuiskypi" {Ice *Corrode Str-4 Int+7
                  | Dex+3}
 52530 | Depths:1 | Entered Level 1 of the Depths
 52647 | Depths:1 | Identified the ring of the Castellan {rC+ SInv}
 52882 | Depths:1 | You are sucked into a shaft and drop 1 floor!
 52925 | Depths:2 | Reached XP level 22. HP: 215/220 MP: 21/21
 52970 | Depths:2 | Reached skill level 15 in Evocations
 53058 | Depths:2 | Identified the +0 mace of Eternity {flame, Str+3}
 53342 | Depths:2 | Found a one-way gate leading to the halls of Pandemonium.
 53642 | Depths:2 | Received a gift from Trog
 53672 | Depths:2 | Reached skill level 24 in Fighting
 53718 | Depths:2 | Identified the +5 spear "Worm's Wrath" {freeze, rC+ rN+
                  | Dex+4}
 54010 | Depths:1 | Found a one-way gateway to a ziggurat.
 54254 | Depths:1 | Found a hide-covered altar of Uskayaw.
 54590 | Depths:1 | Found a gateway to Hell.
 54679 | Depths:1 | Reached skill level 15 in Shields
 55670 | Depths:2 | Found a bloodstained altar of Trog.
 56126 | Depths:2 | Found a large runed translucent door.
 56126 | Depths:2 | Found a large runed translucent door.
 56270 | Depths:2 | Noticed Qeprudwo's ghost (adept HOMo)
 56300 | Depths:2 | Killed Qeprudwo's ghost
 57007 | Depths:3 | Received a gift from Trog
 57227 | Depths:3 | HP: 4/224 [frost giant/bolt of cold (9)]
 57229 | Depths:3 | Killed from afar by a spriggan air mage

Illustrated notes

Levels and vault maps discovered:
D:1:      tarquinn_simple_flora_water_e, layout_basic,
          chequers_ecumenical_altar_island
D:2:      layout_loops_ring, serial_forest, infiniplex_forest_end_1,
          infiniplex_forest_end_1, infiniplex_forest_clump_tiny,
          infiniplex_forest_pool, infiniplex_forest_lined_4_way,
          infiniplex_forest_lined_2, infiniplex_forest_clump_curved,
          infiniplex_forest_clump_small
D:3:      layout_basic, demons_altar
D:4:      nicolae_BIG_FREAKIN_CUBE, layout_loops_ring,
          mainiacjoe_overflow_swirl, mainiacjoe_overflow_large_starburst,
          reono_crystal_passage, minmay_rat_hole
D:5:      layout_basic, uniq_blork_the_orc, uniq_menkaure
D:6:      layout_basic, mainiacjoe_overflow_catwalk, portal_sewer_entry_e,
          serial_shops, nicolae_take_the_stairs, uniq_pikel, uniq_prince_ribbit1
D:7:      minmay_klotski, layout_rooms, lemuel_coloured_pillars_altar,
          minmay_between, uniq_crazy_yiuf_cottage
D:8:      layout_cave_pools, lemuel_round_altar,
          gammafunk_temple_overflow_elements
D:9:      layout_roguey, xom_teletrap_fun, yredelemnul_altar_generic
D:10:     layout_rooms, dpeg_oklobed_lair, hangedman_abyss_or_decor_clamps,
          uniq_lodul
D:11:     layout_basic, orc_0_dummy
D:12:     layout_grid_maze, hangedman_decor_diamond_cutter, fedhas_altar_1,
          uniq_nessos
D:13:     layout_loops_ring, erik_vaults_2, serial_shops, nicolae_stop_n_shop_1
D:14:     layout_small_grid, uniq_kirke
D:15:     hangedman_depths_entry_civil_slaughter, layout_irregular_city,
          minmay_misc_feat_secret_circle, grunt_decor_arrowhead,
          nicolae_transmutations_shop, minmay_the_grid_2x2
          [minmay_the_grid_slots, minmay_the_grid_outer_circle,
          minmay_the_grid_outer_diamond, minmay_the_grid_prize_trominoes]
Lair:1:   gammafunk_worm_tunnel, layout_cave_pods, beast_lair_carwin_3,
          serial_bayou_shore_b
Lair:2:   layout_layer_cave, minmay_swamp_entry_swarm, enter_volcano_4
Lair:3:   layout_regular_city, hellmonk_spider_entry_life_and_decay,
          chequers_serial_rivers_marsh
Lair:4:   layout_cave_pods, serial_bayou, serial_bayou_pond_e,
          serial_bayou_pond_a, serial_bayou_pond_d, serial_bayou_pond_c
Lair:5:   minmay_lair_end_enchanted_forest, layout_concentric_octagons,
          minmay_slime_entry_oklob_enclosed, nicolae_lair_lakeside_cave
Swamp:1:  layout_basic_swamp, evilmike_swamp_ruin_house_6, uniq_louise
Swamp:2:  layout_basic_swamp, ebering_ghost_disaster_area, lemuel_altar_in_water
Swamp:3:  layout_basic_swamp, evilmike_swamp_ruin_house_4, uniq_mara
Swamp:4:  nzn_swamp_witches_coven, layout_basic_swamp, swamp_pool2,
          nicolae_swamp_tree_designs
Spider:1: layout_spider_delve
Spider:2: layout_spider_delve
Spider:3: layout_spider_delve
Spider:4: guppyfry_spider_rune, uniq_aizul
Orc:1:    layout_caves, portal_ice_cave_entry_pillars_1, uniq_snorg
Orc:2:    st_orc_elflike, layout_caves, gauntlet_entry_generic, uniq_donald
Elf:1:    eino_elf_arrival_the_gate, layout_geoelf_octagon, serial_corexii_hall,
          chequers_hall_statues_wall_a, corexii_hall_statues_s,
          corexii_hall_statues_x, corexii_hall_statues_deadend,
          chequers_hall_statues_y, chequers_hall_statues_corner_a, serial_shops,
          shop, portal_desolation_entry_ruin, minmay_elf_necromancy,
          uniq_asterion
Elf:2:    elven_hall_of_blades_hangedman_original
          [nicolae_blade_entry_sentries_behind_glass], layout_onion_city,
          serial_shops, shop, minmay_shop_grove
Elf:3:    grunt_elf_hall_asides, layout_geoelf_diagonals, serial_shops, shop,
          nicolae_shop_stone, nicolae_shop_competitors_out_of_business,
          nicolae_shop_temple_entry_statues_fountains, solitary_fountain,
          st_stairs_5
Vaults:1: ontoclasm_vaults_tryst, gammafunk_the_bubble
          [the_bubble_gammafunk_crates], hangedman_vaults_maws,
          vaults_mumra_hex, grunt_vaults_funnel, layout_vaults_quadrants,
          serial_shops, shop
Vaults:2: v_misc_30, vaults_room_pools, vaults_room_large_hall, v_rooms_6,
          vaults_dpeg_hooks, ontoclasm_vaults_idyll, vaults_mumra_chevron,
          nicolae_vaults_angled_halls, nicolae_vaults_little_squares_5,
          nicolae_vaults_branching_niches, minmay_crypt_entry_nasty_monster,
          grunt_vaults_hallway_long, layout_vaults_maze_snakey
Vaults:3: vaults_room_door_hall, hangedman_vaults_corner_blocks,
          hangedman_vaults_nodes, hangedman_vaults_maws,
          ontoclasm_vaults_claustrophobia, vaults_dpeg_ring,
          nicolae_vaults_stairing_the_circle, vaults_mumra_minichess,
          hangedman_vaults_capsules, vaults_room_guarded_vault,
          grunt_vaults_diagonal, ontoclasm_vaults_pinch,
          nicolae_vaults_diagonal_hallway_8, layout_vaults_ring, serial_shops,
          shop
Vaults:4: gammafunk_ghost_cemetery, nicolae_vaults_network_quincunx
          [nicolae_vaults_network_quincunx_subvault,
          nicolae_vaults_network_quincunx_subvault,
          nicolae_vaults_network_quincunx_subvault,
          nicolae_vaults_network_quincunx_subvault,
          nicolae_vaults_network_quincunx_subvault], hangedman_vaults_stream,
          v_misc_18, v_misc_16, v_misc_22, nicolae_vaults_statue_guard,
          v_misc_9, layout_vaults_chaotic_city, serial_shops,
          nicolae_shop_waterfront
Depths:1: layout_honeycomb, enter_ziggurat_d, minmay_misc_feat_x,
          pf_hell_entry_tar_spiral, rand_demon_pan_entry_9,
          nicolae_uskayaw_en_pointe
Depths:2: kennysheep_water_balloons, layout_cave_pools, pf_hell_entry_great_geh,
          rand_demon_pan_entry_5, ebering_ghost_disaster_area, bloody_trog,
          infiniplex_staircase_spiral, serial_bayou_shore_b, grunt_megastairs_2
Depths:3: cheibrodos_salmonella, layout_cave_pools, solitary_fountain,
          hangedman_abyss_entry_splay, hell_entry

Skill      XL: |  1  2  3  4  5  6  7  8  9 10 11 12 13 14 15 16 17 18 19 20 21 22 |
---------------+-------------------------------------------------------------------+-----
Fighting       | 4 5 6 7 8 9 11 12 13 14 15 16 17 19 20 22 23 24 | 24.7
Maces & Flails | 4 5 6 7 8 9 10 12 | 12.0
Armour         | 3 4 5 7 8 9 10 11 13 14 15 16 17 18 19 20 21 | 21.2
Dodging        | 3 4 5 6 7 8 9 10 11 13 14 15 16 17 18 19 | 19.5
Throwing       | 1 2 3 5 6 7 8 9 10 11 12 13 14 15 16 | 16.0
Evocations     | 2 4 6 7 9 10 11 12 13 14 15 | 15.6
Shields        | 5 8 9 11 12 14 15 | 15.4

Action                   |  1- 3 |  4- 6 |  7- 9 | 10-12 | 13-15 | 16-18 | 19-21 | 22-24 || total
-------------------------+-------+-------+-------+-------+-------+-------+-------+-------++-------
Melee: Mace              |    68 |   209 |   183 |       |       |       |       |       ||   460
       Headbutt          |     6 |    27 |    36 |    68 |   218 |   303 |   392 |   186 ||  1236
       Punch             |       |     1 |     1 |     5 |    10 |       |       |       ||    17
       Hand axe          |       |       |    70 |    14 |       |       |       |       ||    84
       Demon whip        |       |       |       |   266 |   847 |  1202 |  1350 |   520 ||  4185
Throw: Javelin           |       |       |     2 |       |       |       |    22 |       ||    24
       Boomerang         |       |       |     2 |    40 |    89 |    63 |    11 |    13 ||   218
       Dart              |       |       |       |       |       |     6 |    10 |       ||    16
Invok: Berserk           |       |       |     4 |     2 |       |       |       |       ||     6
       Trog's Hand       |       |       |     1 |     1 |     1 |     4 |    15 |     2 ||    24
       Brothers in Arms  |       |       |       |     7 |     7 |    17 |    21 |       ||    52
 Abil: Evoke Blink       |       |       |       |       |       |       |     4 |     4 ||     8
Evoke: Wand              |       |       |       |     8 |     2 |     9 |     2 |     2 ||    23
       Phantom mirror    |       |       |       |     1 |       |       |     2 |     1 ||     4
       Tin of tremorston |       |       |       |       |       |     5 |     6 |     4 ||    15
       Condenser vane    |       |       |       |       |       |       |     2 |     1 ||     3
       Lightning rod     |       |       |       |       |       |       |       |     6 ||     6
  Use: Scroll            |       |     6 |     3 |     7 |    18 |    16 |    10 |     4 ||    64
       Potion            |       |       |       |     5 |     1 |     6 |    19 |     3 ||    34
 Stab: Invisible         |       |       |       |       |       |     1 |       |       ||     1
       Distracted        |       |       |       |       |       |     2 |     2 |       ||     4
Armor: Animal skin       |    11 |       |       |       |       |       |       |       ||    11
       Leather armour    |    13 |       |       |       |       |       |       |       ||    13
       Plate armour      |     2 |   133 |   172 |   118 |   280 |       |    19 |   203 ||   927
       Chain mail        |       |       |       |       |    28 |   421 |   391 |       ||   840
Dodge: Dodged            |    51 |    75 |   115 |    93 |   264 |   435 |   469 |   181 ||  1683
       Repelled          |       |       |       |     3 |     6 |    13 |    25 |       ||    47
Block: Other             |       |       |       |    27 |   103 |     4 |       |       ||   134
       Reflection        |       |       |       |     8 |     2 |    16 |    49 |     4 ||    79
       Buckler           |       |       |       |       |       |   478 |   627 |   292 ||  1397
